[Event "FIDE WSTC Open 65 2025"]
[Site "Prague"]
[Date "2025.02.21"]
[Round "5.44"]
[White "Chaloupka, Frantisek"]
[Black "Mozny, Milos"]
[Result "1/2-1/2"]
[Annotator "RC"]
[ECO "A36"]
[WhiteElo "1961"]
[BlackElo "2232"]
[PlyCount "40"]
[EventDate "2025.02.17"]
[EventType "team-tourn"]
[EventCountry "CZE"]
[SourceTitle "playchess.com"]
[Source "ChessBase"]
[SourceQuality "1"]
[TimeControl "40/5400+30:1800+30"]

1. e4 c5 2. c4 Nc6 3. Nc3 d6 4. g3 g6 5. Bg2 Bg7 6. Nge2 e5 7. d3 Nge7 8. O-O O-O 9. Be3 Be6 10. b3 Qd7 11. Qd2 Bh3 12. Bh6 Bxg2 13. Kxg2 Nd4 14. Bxg7 Kxg7 15. Nd5 Nxd5 16. Nxd4 cxd4 17. cxd5 Rac8 18. Rac1 b6 19. Rxc8 Rxc8 20. Rc1 Rxc1 1/2-1/2

[Event "FIDE WSTC Open 65 2025"]
[Site "Prague"]
[Date "2025.02.21"]
[Round "5.45"]
[White "Kyas, Juergen"]
[Black "Mojzis, Jaroslav"]
[Result "1/2-1/2"]
[Annotator "ChessBase"]
[ECO "C54"]
[WhiteElo "2173"]
[BlackElo "2089"]
[PlyCount "22"]
[EventDate "2025.02.17"]
[EventType "team-tourn"]
[EventCountry "CZE"]
[SourceTitle "playchess.com"]
[Source "ChessBase"]
[SourceQuality "1"]
[TimeControl "40/5400+30:1800+30"]

1. e4 e5 2. Bc4 Nf6 3. d3 Bc5 4. Nf3 d6 5. O-O O-O 6. Nbd2 Nc6 7. c3 a6 8. Bb3 Re8 9. h3 Be6 10. Re1 h6 11. Nc4 Ba7 1/2-1/2

[Event "FIDE WSTC Open 65 2025"]
[Site "Prague"]
[Date "2025.02.21"]
[Round "5.46"]
[White "Svanda, Pavel"]
[Black "Baum, Bernd"]
[Result "0-1"]
[Annotator "RC"]
[ECO "C03"]
[WhiteElo "2080"]
[BlackElo "2219"]
[PlyCount "128"]
[EventDate "2025.02.17"]
[EventType "team-tourn"]
[EventCountry "CZE"]
[SourceTitle "playchess.com"]
[Source "ChessBase"]
[SourceQuality "1"]
[TimeControl "40/5400+30:1800+30"]

1. e4 e6 2. d4 d5 3. Nd2 Be7 4. Bd3 c5 5. c3 cxd4 6. cxd4 Nc6 7. Ne2 Qb6 8. Nf3 dxe4 9. Bxe4 Nf6 10. Bd3 O-O 11. O-O Rd8 12. a3 Bd7 13. b4 Rac8 14. Bb2 Nd5 15. Qb3 Bf6 16. Rfd1 Nce7 17. Ng3 Bb5 18. Bb1 Ng6 19. Ne4 Be7 20. Ne5 Ndf4 21. Nxg6 hxg6 22. Nc5 Bf6 23. Qe3 Ne2+ 24. Kh1 Nxd4 25. Be4 Nf5 26. Qb3 Bxb2 27. Qxb2 Bc6 28. Bxf5 gxf5 29. Qe2 Bd5 30. f3 Qc7 31. Rac1 Qe7 32. Qe3 Rc7 33. h3 Rdc8 34. Nd3 a6 35. Rxc7 Rxc7 36. Rc1 Qd6 37. Rc5 Rd7 38. Rc8+ Rd8 39. Rxd8+ Qxd8 40. Nf4 Qd6 41. Qd4 Qc6 42. Kh2 Qc7 43. h4 Bc6 44. Qe3 e5 45. Ne2 f4 46. Qd2 Qe7 47. Qe1 Qf6 48. Nc3 Kh7 49. Ne4 Qe7 50. Ng5+ Kg8 51. Qb1 g6 52. Qe1 Kg7 53. Kg1 Qd6 54. Kh2 f6 55. Ne4 Qd3 56. Qc3 Qxc3 57. Nxc3 f5 58. Ne2 Kf6 59. Kg1 Ke6 60. Nc3 e4 61. Kf2 Ke5 62. fxe4 fxe4 63. g4 fxg3+ 64. Kxg3 e3 0-1

[Event "FIDE WSTC Open 65 2025"]
[Site "Prague"]
[Date "2025.02.21"]
[Round "5.48"]
[White "Vavruska, Antonin"]
[Black "Okrajek, Alexander"]
[Result "1/2-1/2"]
[Annotator "ChessBase"]
[ECO "A05"]
[WhiteElo "1926"]
[BlackElo "2200"]
[PlyCount "61"]
[EventDate "2025.02.17"]
[EventType "team-tourn"]
[EventCountry "CZE"]
[SourceTitle "playchess.com"]
[Source "ChessBase"]
[SourceQuality "1"]
[TimeControl "40/5400+30:1800+30"]

1. e4 c6 2. d3 g6 3. Nf3 Bg7 4. g3 d6 5. Bg2 Nf6 6. O-O O-O 7. c3 Bg4 8. Bg5 h6 9. Be3 Qd7 10. Nbd2 c5 11. a4 Nc6 12. Qc2 Rac8 13. Nc4 Bh3 14. Qe2 Kh7 15. Rfe1 Bxg2 16. Kxg2 Ng4 17. h3 Nxe3+ 18. Nxe3 e6 19. Nf1 a6 20. g4 b5 21. axb5 axb5 22. Ng3 Qb7 23. Red1 Ra8 24. Rxa8 Rxa8 25. d4 cxd4 26. cxd4 Ra2 27. Rd2 b4 28. h4 b3 29. h5 g5 30. Qd3 Kg8 31. d5 1/2-1/2